 Dungeon Crawl Stone Soup version 0.18-a0-1372-gd644665 (webtiles) character file.

88 M4edhros the Insei (level 4, -3/31 HPs)
             Began as an Octopode Monk on Feb 22, 2016.
             Was a Believer of Zin.
             Slain by an ogre
             ... wielding a +0 giant club
              (24 damage)
             ... on level 4 of the Dungeon.
             The game lasted 00:02:15 (1329 turns).

M4edhros the Insei (Octopode Monk)                  Turns: 1329, Time: 00:02:16

Health: -3/31      AC:  1    Str: 10    XL:     4   Next: 54%
Magic:  4/4        EV: 19    Int: 12    God:    Zin [**....]
Gold:   177        SH:  0    Dex: 20    Spells: 0 memorised, 3 levels left

rFire  + . .     SeeInvis .       - Unarmed
rCold  x . .     Gourm    +     (no shield)
rNeg   . . .     Faith    .     (helmet restricted)
rPois  .         Spirit   .     m - amulet of the gourmand
rElec  .         Dismiss  .     g - ring of fire
rCorr  .         Reflect  .     (no ring)
SustAt .         Harm     .     (no ring)
MR     .....                    (no ring)
Stlth  +++++.....               (no ring)
                                (no ring)
                                (no ring)
                                (no ring)

@: agile, not resistant to hostile enchantments, quite stealthy
A: almost no armour, amphibious, 8 rings, constrict 8, camouflage 1, gelatinous
body 1
a: Recite, Vitalisation, Donate Gold, Renounce Religion


You were on level 4 of the Dungeon.
You worshipped Zin.
Zin was pleased with you.
You were not hungry.

You visited 1 branch of the dungeon, and saw 4 of its levels.

You collected 196 gold pieces.
You donated 19 gold pieces to Zin.

Inventory:

Missiles
 k - 17 sling bullets
 l - 76 stones (quivered)
Jewellery
 g - a ring of fire (left tentacle)
 m - an amulet of the gourmand (around mantle)
Scrolls
 b - 5 scrolls of remove curse {unknown}
 c - 3 scrolls of identify {unknown}
 d - a scroll of amnesia {unknown}
 e - a scroll of blinking {unknown}
 n - a scroll of magic mapping {unknown}
 p - a scroll of teleportation {unknown}
 q - a scroll of noise {unknown}
 s - a scroll of immolation {unknown}
Potions
 f - a potion of cancellation
 j - 2 potions of curing {unknown}
 r - a potion of degeneration {unknown}
Comestibles
 a - 3 bread rations
 i - 2 beef jerkies
 o - a meat ration


   Skills:
 - Level 3.0 Fighting
 - Level 3.0 Dodging
 - Level 2.6 Stealth
 + Level 5.8 Unarmed Combat


You had 3 spell levels left.
You didn't know any spells.

Dungeon Overview and Level Annotations

Branches:
Dungeon (4/15)
 Temple: D:4-7

Altars:
Xom
Zin

Shops:
D:4 %


Innate Abilities, Weirdness & Mutations

You cannot wear most types of armour.
You are amphibious.
You can wear up to eight rings at the same time.
You can use your tentacles to constrict eight enemies at once.
Your skin changes colour to match your surroundings (Stealth).
Your rubbery body absorbs attacks (AC +1).


Message History

You tentacle-slap the ogre but do no damage.
The ogre is lightly wounded.
You tentacle-slap the ogre.
The ogre is moderately wounded.
The ogre barely misses you.
You tentacle-slap the ogre.
The ogre is heavily wounded.
The ogre hits you with a giant club!
You tentacle-slap the ogre.
The ogre is severely wounded.
You tentacle-slap the ogre but do no damage.
You tentacle-slap the ogre, but do no damage.
The ogre is severely wounded.
The ogre completely misses you.
You tentacle-slap the ogre.
The ogre is severely wounded.
The ogre hits you with a giant club!!
Ouch! That really hurt!
You die...
Xom laughs nastily!

##...#
##########....#
##............##
#............##
#...##########
#..## #..# #..#
##.@# #..O#
#...# #...#
##... ##(.# ##..
#.. #.>


You could see an ogre.

Vanquished Creatures
  A hound skeleton (D:4)
  3 adders
  An ooze (D:4)
  A worm (D:2)
  An orc (D:4)
  2 giant cockroaches
  5 goblins
  6 hobgoblins
  7 jackals
  A quokka (D:2)
  4 bats
  2 giant newts (D:2)
  4 kobolds
  A rat (D:1)
39 creatures vanquished.

Notes
Turn   | Place    | Note
--------------------------------------------------------------
     0 | D:1      | M4edhros the Octopode Monk began the quest for the Orb.
     0 | D:1      | Reached XP level 1. HP: 16/16 MP: 1/1
   509 | D:1      | Reached XP level 2. HP: 21/21 MP: 2/2
   752 | D:2      | Reached XP level 3. HP: 26/26 MP: 3/3
   833 | D:2      | Reached skill level 5 in Unarmed Combat
   864 | D:2      | Found a glowing silver altar of Zin.
   867 | D:2      | Noticed an angel
   877 | D:2      | Found a shimmering altar of Xom.
   913 | D:2      | Became a worshipper of Xom of Chaos
   924 | D:2      | Fell from the grace of Xom
   924 | D:2      | Became a worshipper of Zin the Law-Giver
   924 | D:2      | Reached * piety under Zin
  1174 | D:4      | Reached XP level 4. HP: 25/31 MP: 4/4
  1256 | D:4      | Found Kamomun's Food Shoppe.
  1295 | D:4      | Reached ** piety under Zin
  1316 | D:4      | Noticed an ogre
  1329 | D:4      | Slain by an ogre

Vault maps used:
D:1:      lightli_arrival_flooded_house
D:2:      grunt_temple_overflow_order_and_chaos_1, first_bread,
          minmay_misc_feat_tower
D:3:      lemuel_blue_sif_altar, nicolae_ru_great_annihilating_truth
D:4:      serial_shops, nicolae_shop_statue_plus

Action                   |  1- 3 |  4- 6 || total
-------------------------+-------+-------++-------
Melee: Unarmed           |    58 |    15 ||    73
  Use: Potion            |       |     2 ||     2
 Stab: Sleeping          |    10 |     2 ||    12
  Eat: Chunk             |       |     1 ||     1
